 Dungeon Crawl Stone Soup version 0.26.0-8-g74fc34ddfb (webtiles) character file.

Game seed: 7656464592263299523

205 H0rd4k the Magician (level 5, 0/28 HPs)
             Began as a Deep Elf Hedge Wizard on Jan 12, 2021.
             Succumbed to a worker ant's poison
             ... on level 3 of the Dungeon.
             The game lasted 00:05:43 (3794 turns).

H0rd4k the Magician (Deep Elf Hedge Wizard)         Turns: 3794, Time: 00:05:43

Health: 0/28       AC:  2    Str:  7    XL:     5   Next: 52%
Magic:  2/15       EV: 13    Int: 20    God:
Gold:   93         SH:  0    Dex: 14    Spells: 7/16 levels left

rFire    + . .     SeeInvis .   d - +2 dagger (venom)
rCold    x . .     Faith    .   (no shield)
rNeg     . . .     Spirit   .   b - +0 robe
rPois    .         Reflect  .   c - +0 hat
rElec    .         Harm     .   (no cloak)
rCorr    .         Rampage  .   (no gloves)
Will     .....                  (no boots)
Stlth    ++........             (no amulet)
HPRegen  0.09/turn              h - ring of fire
MPRegen  0.14/turn              (no ring)

@: lethally poisoned (0 -> -1), hasted, very quick
A: no striking features
a: no special abilities


You were on level 3 of the Dungeon.
You visited 1 branch of the dungeon, and saw 4 of its levels.

You collected 93 gold pieces.

Inventory:

Hand Weapons
 a - a +0 dagger
 d - a +2 dagger of venom (weapon)
Armour
 b - a +0 robe (worn)
 c - a +0 hat (worn)
Jewellery
 h - a ring of fire (left hand)
Wands
 o - a wand of random effects (22)
Scrolls
 e - a scroll of teleportation
 f - a scroll of identify
 g - 3 scrolls of remove curse
 n - a scroll of amnesia


   Skills:
 + Level 2.8 Dodging
 + Level 2.8 Stealth
 + Level 6.4 Spellcasting
 + Level 3.1 Conjurations
 + Level 1.1 Summonings
 + Level 1.1 Translocations
 * Level 1.4 Fire Magic
 * Level 1.2 Air Magic
 * Level 1.1 Poison Magic


You had 7 spell levels left.
You knew the following spells:

 Your Spells              Type           Power        Failure   Level
a - Magic Dart            Conj           72%          2%          1
b - Blink                 Tloc           N/A          10%         2
c - Conjure Flame         Conj/Fire      23%          12%         3
d - Mephitic Cloud        Conj/Pois/Air  13%          14%         3

Your spell library contained the following spells:

 Spells                   Type           Power        Failure   Level
 Call Imp                 Summ           10%          10%         2
 Slow                     Hex            6%           16%         2


Dungeon Overview and Level Annotations

Branches:
Dungeon (4/15)
 Temple: D:4-7

Altars:
The Shining One

Annotations:
D:2 exclusion: downstairs
D:3 3 runed translucent doors, exclusion: 3 doors, Gauvater's ghost, amateur FoFi
D:4 exclusion: upstairs


Message History

Unknown command.
As you read the scroll labelled AXUC ARPHOQUSEA, it crumbles to dust.
You assume a fearsome visage.
The worker ant looks frightened!
It was a scroll of fear.
* * * LOW HITPOINT WARNING * * *
You feel sick.
You aren't carrying any potions.
You aren't carrying any potions.
* * * LOW HITPOINT WARNING * * *
You feel sick.
A frilled lizard comes into view.
The frilled lizard hisses angrily.
Casting: Magic Dart (safe; 2% risk of failure)
Confirm with . or Enter, or press ? or * to list all spells.
Aiming: Magic Dart (safe; 2% risk of failure)
Press: ? - help, Shift-Dir - straight line, f - frilled lizard
Aim: a frilled lizard (0% to evade)
The magic dart hits the frilled lizard.
You kill the frilled lizard!
You die...

#.# #.#.# ########.# #.#..
#####........# #.###
#.......########.## #.###.#.#
##...## ####.###.#.#
##.....##
...<...#.#.#####.......#####
...#)....#...<...............
##.......#######@......######
........#########.....##
######...............##
#################


There were no monsters in sight!

Vanquished Creatures
  A centaur (D:3)
  Ijyb (D:3)
  2 adders (D:3)
  An ooze (D:2)
  3 worms
  2 dart slugs (D:2)
  A leopard gecko (D:1)
  4 orcs (D:3)
  A ball python (D:3)
  8 bats
  6 giant cockroaches
  4 goblins
  5 hobgoblins
  2 jackals (D:3)
  8 kobolds
  A quokka (D:2)
  7 frilled lizards
  3 rats
60 creatures vanquished.

Notes
Turn   | Place    | Note
-------+----------+-------------------------------------------
     0 | D:1      | H0rd4k the Deep Elf Hedge Wizard began the quest for the
                  | Orb.
     0 | D:1      | Reached XP level 1. HP: 10/10 MP: 7/7
   610 | D:1      | Reached XP level 2. HP: 15/15 MP: 5/9
  1342 | D:2      | Reached skill level 5 in Spellcasting
  1650 | D:2      | Reached XP level 3. HP: 19/19 MP: 4/11
  2539 | D:2      | Learned a level 2 spell: Blink
  2543 | D:2      | Learned a level 3 spell: Conjure Flame
  2547 | D:2      | Learned a level 3 spell: Mephitic Cloud
  2779 | D:3      | Noticed a centaur
  2800 | D:3      | Killed a centaur
  2801 | D:3      | Reached skill level 6 in Spellcasting
  2801 | D:3      | Reached XP level 4. HP: 10/24 MP: 0/14
  2976 | D:3      | Reached XP level 5. HP: 28/28 MP: 8/15
  3003 | D:3      | Reached skill level 1 in Air Magic
  3135 | D:3      | Reached skill level 1 in Fire Magic
  3156 | D:3      | Found a glowing golden altar of the Shining One.
  3225 | D:3      | Noticed Ijyb
  3247 | D:3      | Killed Ijyb
  3248 | D:3      | Reached skill level 1 in Poison Magic
  3717 | D:3      | Found a runed translucent gate.
  3717 | D:3      | Found a runed translucent gate.
  3717 | D:3      | Found a runed translucent gate.
  3718 | D:3      | Noticed Gauvater's ghost (amateur FoFi)
  3782 | D:3      | HP: 1/28 [poisoned by a worker ant]
  3788 | D:3      | HP: 1/28 [poisoned by a worker ant]
  3794 | D:3      | Succumbed to a worker ant's poison

Illustrated notes

Levels and vault maps discovered:
D:1:      psy_arrival_dodecagon, layout_loops_corners
D:2:      layout_loops_corners, serial_park_tiny_2
D:3:      layout_loops_ring, ebering_ghost_rock_garden,
          chequers_ecumenical_altar_simple, amcnicky_mini_rare_corridor_liquid,
          nicolae_tso_carved_into_rock, uniq_ijyb
D:4:      layout_cave_pools, nicolae_ru_path_of_blood

Skill      XL: |  1  2  3  4  5 |
---------------+----------------+-----
Spellcasting   | 5 6 |  6.4
Conjurations   | 2 3 |  3.1
Air Magic      | 1 |  1.2
Fire Magic     | 1 |  1.4
Poison Magic   | 1 |  1.1
Dodging        | |  2.8
Stealth        | |  2.8
Summonings     | |  1.1
Translocations | |  1.1

Action                   |  1- 3 |  4- 6 || total
-------------------------+-------+-------++-------
Melee: Dagger            |     4 |     3 ||     7
 Cast: Magic Dart        |   122 |    73 ||   195
       Mephitic Cloud    |     1 |     1 ||     2
       Conjure Flame     |       |     2 ||     2
       Blink             |       |     2 ||     2
  Use: Scroll            |     5 |     3 ||     8
       Potion            |       |     5 ||     5
 Stab: Confused          |     1 |       ||     1
Armor: Robe              |     3 |       ||     3
       Skin              |       |     5 ||     5
Dodge: Dodged            |    25 |    14 ||    39
